 Dungeon Crawl Stone Soup version 0.21-a0-496-g696f58f (webtiles) character file.

124 slep the Shield-Bearer (level 4, -13/32 HPs)
             Began as a Demonspawn Wanderer on Nov 24, 2017.
             Was an Initiate of Okawaru.
             Killed by divine providence
             ... invoked by an orc priest
              (14 damage)
             ... on level 3 of the Dungeon.
             The game lasted 00:09:24 (2303 turns).

slep the Shield-Bearer (Demonspawn Wanderer)        Turns: 2303, Time: 00:09:25

Health: -13/32     AC:  7    Str: 14    XL:     4   Next: 81%
Magic:  4/4        EV:  8    Int: 12    God:    Okawaru [......]
Gold:   96         SH: 10    Dex: 13    Spells: 3/3 levels left

rFire    . . .     SeeInvis .   t - +0 falchion
rCold    . . .     Gourm    .   j - +2 shield
rNeg     . . .     Faith    +   l - +0 ring mail
rPois    .         Spirit   .   (no helmet)
rElec    .         Reflect  .   (no cloak)
rCorr    .         Harm     .   (no gloves)
MR       .....                  (no boots)
Stlth    +.........             n - amulet of faith
HPRegen  0.10/turn              m - ring of flight
MPRegen  0.09/turn              (no ring)

@: no status effects
A: molten scales 1, powered by death 2
a: Renounce Religion, Evoke Flight


You were on level 3 of the Dungeon.
You worshipped Okawaru.
Okawaru was noncommittal.
You were not hungry.

You visited 1 branch of the dungeon, and saw 3 of its levels.

You collected 96 gold pieces.

Inventory:

Hand Weapons
 b - a +0 spear
 t - a +0 falchion (weapon)
Armour
 a - a +0 shield
 d - a +0 robe
 i - a +0 leather armour
 j - a +2 shield (worn)
 l - a +0 ring mail (worn)
Jewellery
 m - a ring of flight (left hand)
 n - an amulet of faith (around neck)
Scrolls
 g - 2 scrolls of teleportation {unknown}
 k - 5 scrolls of identify {unknown}
 o - a scroll of fog {unknown}
Potions
 c - a potion of curing
 e - a potion of agility {unknown}
 h - a potion of invisibility {unknown}
 p - 2 potions of might {unknown}
 r - a potion of heal wounds {unknown}
Comestibles
 f - 3 bread rations
 q - a meat ration
 s - 3 chunks of flesh


   Skills:
 + Level 1.5 Fighting
 + Level 1.6 Polearms
 + Level 1.3 Armour
 + Level 1.5 Dodging
 + Level 1.2 Stealth
 + Level 2.9 Shields
 + Level 2.2 Unarmed Combat
   Level 2.0 Hexes
   Level 1.0 Ice Magic


You had 3 spell levels left.
You didn't know any spells.

Dungeon Overview and Level Annotations

Branches:
Dungeon (3/15)

Altars:
Kikubaaqudgha
Okawaru
Trog
Uskayaw
Wu Jian

Annotations:
D:3 Terence


Innate Abilities, Weirdness & Mutations

You are partially covered in molten scales. (AC +2)
You regenerate health from kills.


Message History

The orc priest looks satisfied for a moment.
Firing (i - inventory): No suitable missiles.
Press: ? - help, Shift-Dir - straight line, f - orc priest
Aim: an orc priest, wielding a flail and wearing a leather armour (heavily wounded)
Okay, then.
You hit the orc priest.
The orc priest is severely wounded.
The orc priest hits you with a flail.
* * * LOW HITPOINT WARNING * * *
You hit the orc priest but do no damage.
The orc priest is severely wounded.
You block the orc priest's attack.
You hit the orc priest but do no damage.
The orc priest is severely wounded.
The orc priest barely misses you.
Your ring mail prevents you from hitting the orc priest.
The orc priest is severely wounded.
The orc priest invokes the aid of Beogh against you.
Beogh smites you!
You die...

##################...##...
#### .......... #.....<..
...# .........###........
...# .............###...
...# ........##........
.รท.# .......##.#####..
...# #.####.##.# ##.
...#######.####.##<#.....
...............o@.........
...#####.#.#########.###..
...#####.#.# .#
#####....#.# # ####.#)#
#.#o## ##. ###....###....
+...).........
######.....##.


You could see an orc priest.

Vanquished Creatures
  A howler monkey skeleton (D:2)
  3 gnolls (D:3)
  3 adders
  2 worms
  2 dart slugs (D:1)
  2 leopard geckos
  3 bats
  11 goblins
  2 hobgoblins (D:2)
  9 kobolds
  3 ball pythons
  5 frilled lizards
  5 rats
51 creatures vanquished.

Notes
Turn   | Place    | Note
-------+----------+-------------------------------------------
     0 | D:1      | slep the Demonspawn Wanderer began the quest for the Orb.
     0 | D:1      | slep set off with: a +0 shield, a +0 spear, a potion of curing, a +0 robe, a bread ration
     0 | D:1      | Reached XP level 1. HP: 15/15 MP: 1/1
   109 | D:1      | Gained mutation: You regenerate a little health from kills. [demonic ancestry]
   109 | D:1      | Reached XP level 2. HP: 18/21 MP: 2/2
   890 | D:2      | Gained mutation: You regenerate health from kills. [demonic ancestry]
   890 | D:2      | Reached XP level 3. HP: 26/26 MP: 3/3
  1016 | D:3      | Noticed Terence
  1047 | D:2      | Found a hide-covered altar of Uskayaw.
  1069 | D:2      | Reached skill level 1 in Polearms
  1113 | D:2      | Found an ornate altar of the Wu Jian Council.
  1244 | D:2      | HP: 1/26 [worm (6)]
  1466 | D:2      | Found a bloodstained altar of Trog.
  1551 | D:2      | Gained mutation: You are partially covered in molten scales. (AC +2) [demonic ancestry]
  1551 | D:2      | Reached XP level 4. HP: 31/32 MP: 4/4
  1719 | D:2      | Found an ancient bone altar of Kikubaaqudgha.
  1738 | D:2      | Found an iron altar of Okawaru.
  1739 | D:2      | Found a bloodstained altar of Trog.
  1745 | D:2      | Became a worshipper of Warmaster Okawaru
  2062 | D:3      | Reached skill level 1 in Armour
  2300 | D:3      | HP: 1/32 [orc priest/flail (4)]
  2303 | D:3      | Killed from afar by an orc priest

Vault maps used:
D:1:      minmay_arrival_shattered_statue, hangedman_decor_clover_reticule,
          roderic_lattice_a
D:2:      minmay_wonky_spiral, gammafunk_temple_overflow_pools,
          nicolae_overflow_crystal_walls, kiku_gazebo_garden_becter,
          overflow_temple_1_default, trog_hazing_becter
D:3:      lemuel_coloured_pillars_altar, old_standard_altar, first_bread,
          uniq_terence

Skill      XL: |  1  2  3  4 |
---------------+-------------+-----
Unarmed Combat | 2 |  2.2
Shields        | 2 |  2.9
Polearms       | 1 |  1.6
Armour         | 1 |  1.3
Fighting       | |  1.5
Dodging        | |  1.5
Stealth        | |  1.2
Hexes          | |  2.0
Ice Magic      | |  1.0

Action                   |  1- 3 |  4- 6 || total
-------------------------+-------+-------++-------
Melee: Spear             |   194 |       ||   194
       Falchion          |       |    68 ||    68
Throw: Throwing net      |       |     1 ||     1
 Stab: Sleeping          |     2 |       ||     2
  Eat: Chunk             |     2 |     3 ||     5
Armor: Robe              |     1 |       ||     1
       Ring mail         |    49 |    14 ||    63
       Leather armour    |     1 |       ||     1
Dodge: Dodged            |    54 |    21 ||    75
Block: Shield            |    85 |    40 ||   125
       Rpst.: Falchion   |       |     4 ||     4

Table legend:
 A = Spawn XP
 B = Non-spawn XP
 C = Spawn XP percentage of total XP
 D = Spawn monster count
 E = Non-spawn monster count
 F = Spawn count percentage of total count
 G = Total turns spent on level
                    A         B        C        D         E        F      G
               +---------+---------+-------+---------+---------+-------+---------
         Total |       0 |     178 |   0.0 |       0 |      51 |   0.0 |  2303
               +---------+---------+-------+---------+---------+-------+---------
           D:1 |       0 |      30 |   0.0 |       0 |      16 |   0.0 |   693
           D:2 |       0 |      81 |   0.0 |       0 |      26 |   0.0 |  1421
           D:3 |       0 |      67 |   0.0 |       0 |       9 |   0.0 |   189
               +---------+---------+-------+---------+---------+-------+---------
